 Dungeon Crawl Stone Soup version 0.31-a0-1074-g0b22e4e0f1 (webtiles) character file.

Game seed: 3733855482776647635

92 grandjackal the Sneak (level 4, 0/30 HPs)
             Began as a Vampire Enchanter on Dec 2, 2023.
             Slain by an orc wizard
             ... wielding a +0 dagger
              (3 damage)
             ... on level 3 of the Dungeon.
             The game lasted 00:04:23 (2166 turns).

grandjackal the Sneak (Vampire Enchanter)           Turns: 2166, Time: 00:04:23

Health: 0/30       AC:  3    Str:  7    XL:     4   Next: 35%
Magic:  6/7        EV: 12    Int: 19    God:
Gold:   116        SH:  0    Dex: 14    Spells: 2/7 levels left

rFire   . . .        a - +1 dagger
rCold   . . .        (no shield)
rNeg    . . .        b - +0 robe
rPois   .            (no helmet)
rElec   .            i - +0 cloak
rCorr   .            (no gloves)
SInv    +            (no boots)
Will    .....        (no amulet)
Stlth   +            (no ring)
HPRegen 0.45/turn    (no ring)
MPRegen 0.10/turn

%: no passive effects
@: confused, healing quickly
A: alive, fangs 3, see invisible, vampiric 2
a: Exsanguinate


You were on level 3 of the Dungeon.
You visited 1 branch of the dungeon, and saw 3 of its levels.

You collected 116 gold pieces.

Inventory:

Hand Weapons
 a - a +1 dagger (weapon)
Armour
 b - a +0 robe (worn)
 i - a +0 cloak (worn)
Talismans
 e - a beast talisman
Scrolls
 h - 2 scrolls of teleportation {unknown}
 j - a scroll of noise {unknown}
 l - a scroll of identify {unknown}
 m - a scroll of fog {unknown}
 n - a scroll of silence {unknown}
Potions
 c - 2 potions of invisibility
 d - 2 potions of haste {unknown}
 f - a potion of berserk rage {unknown}
 g - a potion of curing {unknown}
 k - a potion of ambrosia {unknown}
 o - a potion of mutation {unknown}
 p - a potion of brilliance {unknown}


   Skills:
 + Level 2.5 Short Blades
 - Level 2.1 Dodging
 - Level 5.5 Stealth
 - Level 2.0 Spellcasting
 + Level 5.4 Hexes
 + Level 1.5 Ice Magic


You had 2 spell levels left.
You knew the following spells:

 Your Spells              Type           Power      Damage    Failure   Level
a - Ensorcelled Hibernat  Hex/Ice        30%        N/A       6%          2
b - Confusing Touch       Hex            22%        N/A       5%          3

Your spell library contained the following spells:

 Spells                   Type           Power      Damage    Failure   Level
 Tukima's Dance           Hex            22%        N/A       5%          3
 Dazzling Flash           Conj/Hex       24%        N/A       17%         3
 Ozocubu's Armour         Ice            7%         N/A       26%         3
 Metabolic Englaciation   Hex/Ice        7%         N/A       73%         5
 Polar Vortex             Ice            3%         N/A       100%        9


Dungeon Overview and Level Annotations

Branches:
Dungeon (3/15)

Altars:
Ru

Shops:
D:3 :


Innate Abilities, Weirdness & Mutations

Your natural rate of healing is accelerated.
You have razor-sharp teeth.
You have supernaturally acute eyesight. (SInv)
You are afflicted with vampirism and can become a bat while bloodless.


Message History

You resist with some effort.
You're too confused to move!
The orc wizard casts a spell at you. The puff of flame hits you.
You barely miss the orc wizard. Your bite misses the orc wizard.
The orc wizard is moderately wounded.
The orc wizard points at you and mumbles some strange words.
You are more confused.
You're too confused to move!
The orc wizard barely misses you.
You hit the orc wizard. Your bite misses the orc wizard.
The orc wizard is heavily wounded.
The orc wizard points at you and mumbles some strange words.
You are more confused.
You hit the orc wizard.
The orc wizard is severely wounded.
The orc wizard hits you with a +0 dagger.
You bump into the rock wall.
You bump into the rock wall.
The orc wizard hits you with a +0 dagger.
You barely miss the orc wizard. Your bite misses the orc wizard.
The orc wizard is severely wounded.
The orc barely misses you.
The orc wizard hits you but does no damage.
You miss the orc wizard.
The orc wizard is severely wounded.
The orc closely misses you. The orc wizard barely misses you.
You closely miss the orc wizard. Your bite misses the orc wizard.
The orc wizard is severely wounded.
The orc hits you but does no damage. The orc wizard misses you.
You bump into the rock wall.
The orc barely misses you.
The orc wizard hits you but does no damage.
You bump into the rock wall.
The orc wizard points at you and mumbles some strange words.
The puff of flame hits you.
You bump into the rock wall.
The orc wizard points at you and mumbles some strange words.
The puff of flame hits you!
* * * LOW HITPOINT WARNING * * *
The orc wizard hits you with a +0 dagger.
You die...

##########
#..)..ooo########
#''#####o@......#
~~~..~ ####.....#
#~...r.o #.....#
#~.♣♣♣.r~ #.....#
#~. ♣.~#
###.....# #~
.o###.......# #~
.~##..#.....#
#..##.....#
#####.....#


You could see an orc wizard (invisible) and 3 orcs.

Vanquished Creatures
  4 adders (D:2)
  3 worms (D:2)
  2 dart slugs
  5 orcs
  7 endoplasms
  2 giant cockroaches
  3 goblins (D:2)
  A hobgoblin (D:1)
  2 kobolds
  3 quokkas (D:1)
  2 ball pythons (D:1)
  2 bats (D:2)
  A frilled lizard (D:1)
  2 rats
39 creatures vanquished.

Notes
Turn   | Place    | Note
-------+----------+-------------------------------------------
     0 | D:1      | grandjackal the Vampire Enchanter began the quest for the
                  | Orb.
     0 | D:1      | Reached XP level 1. HP: 13/13 MP: 3/3
   210 | D:1      | Reached XP level 2. HP: 19/19 MP: 5/5
   232 | D:1      | Learned a level 2 spell: Ensorcelled Hibernation
   777 | D:2      | Reached skill level 5 in Stealth
   819 | D:2      | Reached skill level 5 in Hexes
   819 | D:2      | Gained mutation: You are afflicted with vampirism and can
                  | become a bat while bloodless. [Vampire growth]
   819 | D:2      | Reached XP level 3. HP: 24/24 MP: 0/6
   974 | D:2      | Reached skill level 1 in Ice Magic
  1294 | D:2      | Identified the +8 war axe of Hospitality {protect, rPois
                  | rCorr MP+9 SInv}
  1302 | D:2      | Got the Directory of the Glacier
  1450 | D:2      | Reached XP level 4. HP: 30/30 MP: 7/7
  1793 | D:2      | Found a faded altar of an unknown god.
  1803 | D:2      | Learned a level 3 spell: Confusing Touch
  2004 | D:3      | Found a sacrificial altar of Ru.
  2047 | D:3      | Found Visoug's Book Shoppe.
  2166 | D:3      | Slain by an orc wizard

Illustrated notes

Levels and vault maps discovered:
D:1:      minmay_arrival_diagonal_passages, layout_basic
D:2:      layout_basic, shapermc_ecumenical_altar_petra, minmay_pentomino_x4
D:3:      layout_rooms, mainiacjoe_overflow_alcove_4, nicolae_ru_awakened_eye,
          cheibrodos_ashenzari_chains, mainiacjoe_overflow_cross_hatched,
          serial_shops, shop, kennysheep_generic_room_7, uniq_jessica, uniq_ijyb

Skill      XL: |  1  2  3 |
---------------+----------+-----
Stealth        | 5 |  5.5
Short Blades   | 2 |  2.5
Hexes          | 5 |  5.4
Ice Magic      | 1 |  1.5
Dodging        | |  2.1
Spellcasting   | |  2.0

Action                     |  1- 3 |  4- 6 || total
---------------------------+-------+-------++-------
  Melee: Dagger            |    65 |    35 ||   100
         Bite              |     4 |     2 ||     6
         Punch             |       |     1 ||     1
   Cast: Ensorcelled Hiber |     4 |     8 ||    12
   Stab: Sleeping          |    17 |     7 ||    24
 Armour: Robe              |    18 |    28 ||    46
  Dodge: Dodged            |    31 |    19 ||    50

Table legend: (Time is in decaauts)
 A = Elapsed time spent in this place.
 B = Non-inter-level travel time spent in this place.
 C = Inter-level travel time spent in this place.
 D = Time resting spent in this place.
 E = Time spent auto-exploring this place.
 F = Levels seen in this place.
 G = Mean time per level.
                   A        B        C        D        E       F      G
               +--------+--------+--------+--------+--------+-----+--------+
         Total |   2158 |   2006 |    152 |    226 |   1361 |   3 |  719.3 |
       Dungeon |   2158 |   2006 |    152 |    226 |   1361 |   3 |  719.3 |
               +--------+--------+--------+--------+--------+-----+--------+

Top non-repeatable levels by time:
     D:2: 1197 daAuts
     D:1: 720 daAuts
     D:3: 240 daAuts
